 Dungeon Crawl Stone Soup version 0.26.1-11-gd32895ea62 (webtiles) character file.

Game seed: 10457237218338988942

1799 Eitelfritz the Gusty (level 9, -9/48 HPs)
             Began as a Tengu Air Elementalist on May 30, 2021.
             Mangled by Harold
             ... wielding a +4 mace of protection
              (18 damage)
             ... on level 7 of the Dungeon.
             The game lasted 00:34:09 (9715 turns).

Eitelfritz the Gusty (Tengu Air Elementalist)       Turns: 9715, Time: 00:34:09

Health: -9/48      AC:  6    Str: 10    XL:     9   Next: 9%
Magic:  0/18       EV: 17    Int: 17    God:
Gold:   269        SH:  0    Dex: 15    Spells: 4/19 levels left

rFire    . . .     SeeInvis .   a - +1 trident
rCold    . . .     Faith    .   (no shield)
rNeg     . . .     Spirit   +   c - +0 robe
rPois    .         Reflect  .   (helmet restricted)
rElec    .         Harm     .   e - +0 cloak
rCorr    .         Rampage  .   s - +2 pair of gloves
Will     .....                  (boots unavailable)
Stlth    ++........             k - amulet of guardian spirit
HPRegen  0.16/turn              (no ring)
MPRegen  0.16/turn              (no ring)

@: about to teleport, flying quickly and evasively, quick
A: beak, talons 3, able to fly
a: Stop Flying


You were on level 7 of the Dungeon.
You visited 2 branches of the dungeon, and saw 8 of its levels.

You collected 372 gold pieces.
You spent 103 gold pieces at shops.

Inventory:

Hand Weapons
 a - a +1 trident (weapon)
 i - a +0 halberd
Missiles
 d - 18 poisoned darts
 o - 4 curare-tipped darts
 x - 3 throwing nets
Armour
 c - a +0 robe (worn)
 e - a +0 cloak (worn)
 s - a +2 pair of gloves (worn)
Jewellery
 k - an amulet of guardian spirit (around neck)
 q - an uncursed ring of resist corrosion {unknown}
 t - an uncursed ring of magical power {unknown}
Wands
 y - a wand of random effects (18)
Scrolls
 b - a scroll of amnesia
 h - 4 scrolls of remove curse
 m - a scroll of teleportation
 n - a scroll of magic mapping
 r - a scroll of identify
Potions
 f - a potion of haste
 g - a potion of invisibility {unknown}
 j - 8 potions of curing
 l - a potion of magic
 p - 2 potions of lignification
 u - 3 potions of brilliance {unknown}
 v - a potion of berserk rage {unknown}
 z - a potion of attraction {unknown}
 A - a potion of heal wounds {unknown}


   Skills:
 + Level 2.1 Fighting
 + Level 4.9 Polearms
 + Level 4.1 Dodging
 + Level 3.1 Stealth
 + Level 5.6 Spellcasting
 + Level 6.5 Conjurations
 + Level 7.9 Air Magic


You had 4 spell levels left.
You knew the following spells:

 Your Spells              Type           Power        Failure   Level
a - Shock                 Conj/Air       100%         1%          1
b - Swiftness             Air            31%          1%          2
c - Static Discharge      Conj/Air       29%          1%          3
d - Airstrike             Air            15%          4%          4
e - Lightning Bolt        Conj/Air       14%          19%         5

Your spell library contained the following spells:

 Spells                   Type           Power        Failure   Level


Dungeon Overview and Level Annotations

Branches:
Dungeon (7/15)             Temple (1/1) D:4

Altars:
Ashenzari
Cheibriados
Dithmenos
Elyvilon
Fedhas
Gozag
Hepliaklqana
Kikubaaqudgha
Makhleb
Okawaru
Qazlal
Ru
Sif Muna
Trog
Uskayaw
Wu Jian
Xom
Yredelemnul
Zin
The Shining One

Shops:
D:6 *

Annotations:
D:7 Harold


Innate Abilities, Weirdness & Mutations

You have a beak for a mouth.
You have claws for feet.
You can fly continuously.


Message History

You struggle against the net.
Harold barely misses you.
You rip the net and break free!
Harold hits you with a +4 mace of protection!
Harold fires a harpoon shot at you. The harpoon shot misses you.
You see here 2 throwing nets.
Things that are here:
a throwing net; a sky beast corpse Harold says, "Ah, this is what I got into this business for!"
There is a stone staircase leading up here.
Harold is nearby!
There is a stone staircase leading up here.
You hit Harold but do no damage. You claw Harold, but do no damage.
Harold is moderately wounded.
Harold hits you with a +4 mace of protection!
* * * LOW HITPOINT WARNING * * *
As you read the scroll of teleportation, it crumbles to dust.
You feel strangely unstable.
Harold hits you with a +4 mace of protection!!
You die...

. .##. ...### ......
?....## ...#.. #...#..
...#..##...... ###
..........#...##.####
#..#.....[##........#
...........# .......##
#.......#####......#
#...#.....((...@@....#
.# ###....##.<#...###
#....##.##...#
#......##.....##
........##...###
....!..####.##
....#... .. #.#.#..
... ...


You could see Harold.

Vanquished Creatures
  The ghost of boysha the Skirmisher, an amateur DsGl (D:4)
  A sky beast (D:7)
  4 ogres
  A scorpion (D:6)
  3 howler monkeys
  A bullfrog skeleton (D:6)
  2 hounds (D:4)
  A centaur skeleton (D:6)
  A jelly (D:5)
  2 gnoll shamans
  An iguana (D:4)
  2 worker ants (D:4)
  A killer bee zombie (D:6)
  49 gnolls
  4 adders
  2 shadow imps
  A white imp (D:6)
  An ufetubus (D:5)
  An ooze (D:2)
  4 dart slugs
  6 leopard geckos
  13 orcs
  2 ball pythons (D:3)
  7 giant cockroaches
  6 goblins
  4 hobgoblins
  29 jackals
  10 kobolds
  2 quokkas
  5 bats
  3 frilled lizards
  A jackal skeleton (D:2)
  2 leopard gecko skeletons
  A quokka skeleton (D:4)
  9 rats
183 creatures vanquished.

Vanquished Creatures (others)
  31 plants (D:2)
31 creatures vanquished.

Grand Total: 214 creatures vanquished

Notes
Turn   | Place    | Note
-------+----------+-------------------------------------------
     0 | D:1      | Eitelfritz the Tengu Air Elementalist began the quest for
                  | the Orb.
     0 | D:1      | Reached XP level 1. HP: 10/10 MP: 4/4
   305 | D:1      | Reached XP level 2. HP: 15/15 MP: 0/6
   397 | D:1      | Learned a level 2 spell: Swiftness
   737 | D:1      | Reached XP level 3. HP: 19/19 MP: 0/7
  1244 | D:2      | Found a shimmering altar of Xom.
  1248 | D:2      | Reached skill level 5 in Air Magic
  1417 | D:2      | Reached XP level 4. HP: 24/24 MP: 2/8
  1491 | D:2      | Found a stormy altar of Qazlal.
  1518 | D:2      | Found a blossoming altar of Fedhas.
  2256 | D:2      | Reached skill level 1 in Polearms
  2527 | D:2      | Learned a level 3 spell: Static Discharge
  3056 | D:3      | Gained mutation: You can fly continuously. [Tengu growth]
  3056 | D:3      | Reached XP level 5. HP: 28/28 MP: 7/10
  3891 | D:3      | Found an opulent altar of Gozag.
  4001 | D:3      | Found a hazy altar of Hepliaklqana.
  4417 | D:4      | Found a staircase to the Ecumenical Temple.
  4443 | D:4      | Found a runed translucent gate.
  4444 | D:4      | Found a runed translucent gate.
  4444 | D:4      | Found a runed translucent gate.
  4444 | D:4      | Noticed boysha's ghost (amateur DsGl)
  4515 | D:4      | Reached XP level 6. HP: 33/33 MP: 8/11
  4944 | D:4      | Reached skill level 6 in Air Magic
  5417 | D:5      | Entered Level 5 of the Dungeon
  5454 | D:5      | Reached XP level 7. HP: 37/37 MP: 7/13
  5459 | D:5      | Learned a level 4 spell: Airstrike
  5600 | D:5      | Reached skill level 1 in Fighting
  5771 | D:5      | Found a basalt altar of Yredelemnul.
  5982 | D:5      | Reached skill level 5 in Conjurations
  6355 | D:5      | Reached XP level 8. HP: 37/43 MP: 1/15
  6589 | D:5      | Learned a level 5 spell: Lightning Bolt
  6616 | D:5      | Reached skill level 7 in Air Magic
  7857 | D:6      | Reached skill level 5 in Spellcasting
  8026 | D:6      | Found a hide-covered altar of Uskayaw.
  8171 | D:6      | Found Qieph's Assorted Antiques.
  8179 | D:6      | Bought a fuming sapphire potion for 20 gold pieces
  8179 | D:6      | Bought a fuming sapphire potion for 20 gold pieces
  8179 | D:6      | Bought a fizzy black potion for 20 gold pieces
  8179 | D:6      | Bought a purple potion for 20 gold pieces
  8179 | D:6      | Bought a scroll labelled URAACS IBINK for 23 gold pieces
  8401 | D:6      | Found a sacrificial altar of Ru.
  8613 | D:6      | Found a glowing silver altar of Zin.
  8840 | D:4      | Killed boysha's ghost
  8841 | D:4      | Reached XP level 9. HP: 28/48 MP: 7/18
  9021 | Temple   | Entered the Ecumenical Temple
  9691 | D:7      | Noticed Harold
  9715 | D:7      | Mangled by Harold

Illustrated notes

Levels and vault maps discovered:
D:1:      lightli_arrival_flooded_house, layout_loops_ring, minivault_19,
          grunt_decor_cap, kennysheep_doodads
D:2:      layout_basic, grunt_qazlal_sundering, lemuel_doored_altar,
          fedhas_altar_2, serial_bayou, serial_bayou_pond_b,
          serial_bayou_lagoon_b, serial_bayou_pond_b, serial_bayou_pond_e,
          serial_bayou_crossing, serial_bayou_pond_c
D:3:      layout_loops_ring, nicolae_gozag_cash_rules_everything_around_me,
          lemuel_round_altar, lemuel_flame_loot_1
D:4:      layout_basic, minmay_temple_entry_antechambers, gammafunk_ghost_split
D:5:      lemuel_castle_with_subvaults [lemuel_castle_interior_carwin_3],
          layout_basic, lemuel_crystal_altar
D:6:      layout_basic, nicolae_overflow_crystal_walls,
          nicolae_ru_sacrificial_ziggurat, overflow_temple_1_default,
          serial_shops, shop
D:7:      layout_cave_pools, biasface_ghost_orc_armoury, uniq_harold
Temple:   chequers_temple_sunken

Skill      XL: |  1  2  3  4  5  6  7  8 |
---------------+-------------------------+-----
Air Magic      | 5 6 7 |  7.9
Conjurations   | 2 3 4 5 6 |  6.5
Polearms       | 1 2 3 4 |  4.9
Spellcasting   | 3 4 5 |  5.6
Dodging        | 3 4 |  4.1
Fighting       | 1 2 |  2.1
Stealth        | 3 |  3.1

Action                   |  1- 3 |  4- 6 |  7- 9 || total
-------------------------+-------+-------+-------++-------
Melee: Spear             |    31 |    24 |       ||    55
       Kick              |     6 |    16 |    28 ||    50
       Peck              |     3 |     6 |     6 ||    15
       Trident           |       |    48 |   166 ||   214
 Cast: Shock             |    58 |   143 |   181 ||   382
 Abil: Fly               |       |     1 |       ||     1
  Use: Scroll            |       |     9 |     6 ||    15
 Stab: Sleeping          |     1 |       |     1 ||     2
Armor: Robe              |     3 |     7 |    15 ||    25
Dodge: Dodged            |    22 |    55 |   131 ||   208
